Map: Dusty Gorge

Players

KeltWarrior

  • Race: Terran Terran
  • League: Platinum
  • Spawn Location: 9:00

Garr

  • Race: Terran Terran
  • Spawn Location: 11:00

OpuS - Winner!

  • Race: Protoss Protoss
  • League: Platinum
  • Spawn Location: 3:00

Sketchaphone - Winner!

  • Race: Zerg Zerg
  • League: Platinum
  • Spawn Location: 5:00

VOD

Have the link to the VOD?

Description

Time

  • Played on: Feb. 7, 2019, 8:28 p.m.
  • Length: 6:42
Show
View Real Time Build Order
Export as new Build Order

KeltWarrior Terran 

Build Orders:  

Get SALT Encoding   

  12  0:02  SCV  
  13  0:15  SCV  
  13  0:19  Supply Depot  
  14  0:27  SCV  
  15  0:36  Refinery  
  15  0:42  Barracks  
  15  0:46  SCV  
  16  1:02  Barracks  
  16  1:03  SCV  
  17  1:15  SCV  
  18  1:26  Refinery  
  18  1:27  SCV  
  19  1:35  Barracks Reactor  
  19  1:40  Orbital Command  
  19  1:56  Barracks Reactor  
  19  2:05  Supply Depot  
  19  2:07  SCV  
  20  2:11  Reaper x2  
  22  2:20  SCV  
  23  2:26  Supply Depot  
  23  2:32  Reaper, SCV  
  23  2:33  Reaper  
  26  2:48  SCV  
  30  3:18  Marine x3  
  29  3:29  Factory  
  29  3:30  SCV  
  29  3:33  Barracks  
  30  3:34  Command Center  
  30  3:35  Engineering Bay  
  30  3:42  SCV  
  30  3:48  Marine x2  
  33  3:56  SCV  
  34  4:04  Missile Turret  
  34  4:08  SCV  
  35  4:11  Missile Turret  
  35  4:13  Factory Tech Lab  
  35  4:15  Starport  
  35  4:20  Barracks Tech Lab  
  35  4:22  Marine x3  
  35  4:23  Marine  
  39  4:41  Missile Turret, Supply Depot  
  39  4:46  Siege Tank  
  39  4:51  Starport Reactor  
  42  4:54  Orbital Command  
  42  5:01  Marine x2  
  44  5:15  Marine x3  
  44  5:19  Marine x2  
  45  5:33  Marine x3  
  40  5:37  Marine x2  
  40  5:40  Siege Tank  
  40  5:51  Marine x3  
  40  5:54  Marine  
  40  5:55  Marine  
  35  6:09  Marine x3  
  35  6:12  Marine x2  
Show
View Real Time Build Order
Export as new Build Order

Garr Terran 

Build Orders:  

Get SALT Encoding   

  12  0:01  SCV  
  13  0:13  SCV  
  14  0:25  SCV  
  15  0:34  Supply Depot  
  15  0:46  Refinery  
  15  0:55  SCV  
  16  0:57  Barracks  
  16  1:06  Supply Depot  
  16  1:07  SCV  
  17  1:17  Refinery  
  17  1:20  SCV  
  18  1:32  SCV  
  19  1:47  Factory  
  19  2:01  SCV  
  19  2:07  Factory  
  20  2:17  Supply Depot  
  20  2:38  Orbital Command  
  20  2:43  Factory Tech Lab, Barracks Tech Lab  
  19  3:03  Cyclone  
  19  3:05  Cyclone  
  25  3:08  SCV  
  26  3:14  Supply Depot  
  26  3:29  SCV  
  27  3:35  Cyclone  
  27  3:36  Supply Depot  
  30  3:47  SCV  
  31  3:51  Cyclone  
  34  3:59  SCV  
  35  4:11  SCV  
  35  4:16  Cyclone  
  39  4:23  SCV  
  40  4:26  Cyclone  
  31  4:57  Hellion  
  6  5:37  Orbital Command  
Show
View Real Time Build Order
Export as new Build Order

OpuS Protoss - Winner!

Build Orders:  

Get SALT Encoding   

  12  0:01  Probe  
  13  0:13  Probe  
  14  0:21  Pylon  
  14  0:25  Probe  
  15  0:39  Probe  
  16  0:43  Gateway  
  16  0:51  Probe  
  16  0:55  Assimilator  
  17  1:01  Probe  
  17  1:09  Probe  
  18  1:14  Gateway  
  19  1:18  Probe  
  20  1:28  Pylon  
  20  1:37  Cybernetics Core  
  20  1:38  Probe  
  20  1:46  Probe, Assimilator  
  22  1:56  Probe  
  23  2:03  Warp Gate  
  23  2:05  Pylon  
  23  2:28  Robotics Facility  
  22  2:32  Stalker  
  22  2:33  Stalker  
  26  2:58  Gateway  
  26  3:03  Stalker x2  
  30  3:05  Immortal  
  34  3:24  Probe  
  35  3:36  Probe  
  35  3:39  Shield Battery  
  36  3:43  Pylon  
  36  4:01  Pylon, Immortal  
  40  4:09  Stalker  
  42  4:12  Stalker  
  42  4:39  Nexus  
  42  4:55  Twilight Council, Probe  
  42  4:56  Observer  
  44  5:07  Probe  
  45  5:19  Probe  
  46  5:27  Robotics Bay  
  44  5:31  Probe  
  37  5:43  Probe  
  38  5:55  Probe  
  35  6:07  Probe  
  36  6:13  Probe  
  37  6:19  Zealot, Probe  
  37  6:20  Zealot x2  
  48  6:25  Pylon, Probe  
Show
View Real Time Build Order
Export as new Build Order

Sketchaphone Zerg - Winner!

Build Orders: Pool First 

Get SALT Encoding   

  12  0:01  Drone  
  13  0:14  Overlord  
  13  0:18  Drone  
  14  0:23  Extractor  
  14  0:24  Drone  
  15  0:30  Overlord  
  15  0:36  Drone  
  16  0:46  Drone  
  17  0:58  Spawning Pool  
  16  1:04  Extractor  
  16  1:05  Drone  
  16  1:08  Drone  
  17  1:26  Hatchery  
  17  1:31  Drone  
  17  1:32  Drone  
  18  1:41  Drone  
  19  1:48  Queen  
  19  1:52  Drone  
  22  2:01  Zergling x2  
  23  2:14  Metabolic Boost  
  23  2:16  Zergling x2  
  24  2:23  Zergling x2  
  24  2:24  Queen  
  27  2:37  Evolution Chamber  
  26  2:38  Zergling x2  
  26  2:39  Overlord  
  27  2:45  Zergling x2  
  27  2:50  Overlord  
  28  2:55  Queen  
  28  3:11  Spine Crawler  
  27  3:13  Spine Crawler  
  27  3:15  Zergling x4  
  28  3:22  Zerg Melee Weapons Level 1  
  28  3:34  Zergling x6  
  31  3:48  Drone x4  
  35  3:57  Drone x3  
  35  4:01  Drone  
  39  4:13  Zergling x4  
  41  4:20  Drone x2  
  43  4:24  Overlord  
  43  4:34  Overlord  
  43  4:52  Zergling x10  
  43  4:58  Zergling x10  
  49  5:14  Zergling x4  
  49  5:26  Zergling x4  
  51  5:41  Zergling x16  
  59  5:47  Overlord  
  59  6:05  Zergling x2  
  59  6:11  Zergling x8  
  62  6:12  Hatchery  
Tags
 
Add a new tag
Caveats
  • Supply blocks, unpowered buildings, or Contaminate may cause inaccurate times.
  • Supply counts are checked every 10 seconds.